Unix NetHack Version 5.0.0-0 post-release - last build Jun 10 2026 00:39:30 (3ee93aec679c4c4259841fe613dc97188e26a321,branch:main).

Game began 2026-07-03 03:50:35, ended 2026-07-03 04:26:35.

Enkindle23, chaotic male human Monk

                ---           ---------------- --
               --.-------------.....<...........-
              --.h...`..........-------------
              |.@........G---..--
              -.---------..|----
              ..        .-.-
            ...         . ..
           |.|.            ..
           | --            ..
                            ..
                            ...
                             ...
                             ....
                              ....
                              ....
                               ...-
                               ....
                                ...
                                |..|
                                 ---
Enkindle23 the Candidate        St:18/02 Dx:14 Co:8 In:11 Wi:13 Ch:10  Chaotic
Dlvl:3  $:10 HP:0(14) Pw:5(5) AC:4  Xp:1 T:108 

Latest messages:
 An arrow shoots out at you!  You are hit by an arrow.
 l - a whistle.
 What do you want to use or apply? [ijkl or ?*] l
 You produce a shrill whistling sound.
 You see here a locked chest.
 You hear the footsteps of a guard on patrol.
 In what direction? 8
 You kick a locked chest.  THUD!  You hear a muffled shatter.  You break open the lock!
 You see here a broken chest.
 m - a vellum spellbook.  n - a spellbook of healing.
 What do you want to read? [cimn or ?*] m
 You feel threatened.  You can move again.
 You see here 3 gold pieces.
 $ - 3 gold pieces (7 in total).
 You descend the stairs.
 You swap places with your kitten.  You see here 7 darts.
 o - 7 darts.
 You see here 3 gold pieces.
 $ - 3 gold pieces (10 in total).
 You descend the stairs.
 Restoring save file...
 Hello Enkindle23, the human Monk, welcome back to NetHack!
 You swap places with your kitten.
 You hear some noises in the distance.
 You have a sad feeling for a moment, then it passes.
 The dwarf wields a dagger!
 The dwarf thrusts her dagger.
 The dwarf hits!
 The dwarf thrusts her dagger.
 The dwarf hits!
 You die...
 Do you want your possessions identified? [ynq] (y) y
 Do you want to see your attributes? [ynq] (y) y
 Do you want an account of creatures vanquished? [ynq] (y) y
 Do you want to see your conduct and achievements? [ynq] (y) y
 Do you want to see the dungeon overview? [ynq] (y) y

Inventory:
 Coins    ('$')
  $ - 10 gold pieces
 Weapons  (')')
  o - 7 +0 darts
 Armor    ('[')
  a - a blessed +2 pair of leather gloves (being worn)
  b - an uncursed +1 robe (being worn)
 Comestibles  ('%')
  f - 5 uncursed apples
  e - 3 uncursed food rations
  h - 4 uncursed fortune cookies
  g - 5 uncursed oranges
 Scrolls  ('?')
  c - an uncursed scroll of identify
 Spellbooks  ('+')
  m - a cursed spellbook of chain lightning
  i - a blessed spellbook of healing
  n - an uncursed spellbook of healing
 Potions  ('!')
  d - 3 uncursed potions of healing
 Tools    ('(')
  j - a magic marker (0:20)
  k - an uncursed tin whistle
  l - a cursed tin whistle

Enkindle23 the Monk's attributes:

Background:
 You were a Candidate, a level 1 male human Monk.
 You were chaotic, on a mission for Huan Ti
 who was opposed by Shan Lai Ching (lawful) and Chih Sung-tzu (neutral).
 You were right-handed.
 You were in the Gnomish Mines, on level 3.
 You entered the dungeon 108 turns ago.
 It was nighttime.
 You had 0 experience points, 20 were needed to attain level 2.

Basics:
 You had 0 out of 14 hit points.
 You had all 5 energy points (spell power).
 Your armor class was 4.
 Your wallet contained 10 zorkmids.
 Autopickup was off.

Final Characteristics:
 Your strength was 18/02 (limit:18/100).
 Your dexterity was 14 (limit:18).
 Your constitution was 8 (limit:18).
 Your intelligence was 11 (limit:18).
 Your wisdom was 13 (limit:18).
 Your charisma was 10 (limit:18).

Final Status:
 You weren't hungry.
 You were unencumbered.
 You were empty handed.
 You had basic skill with martial arts.

Final Attributes:
 You were fervently aligned.
 You were sleep resistant.
 You saw invisible.
 You were guarded.
 Your spell casting was enhanced by wearing a robe.
 You were fast.
 You are dead.

Miscellaneous:
 You didn't encounter any bones levels.
 Total elapsed playing time was 16 minutes and 54 seconds.

Major events:
 Turn
    1: Enkindle23 the chaotic male human Monk entered the dungeon
   91: entered the Gnomish Mines
  108: killed by a dwarf

Spells:
 Name                 Level Category     Fail Retention
 healing                1   healing        0%  91%-100%

Skills:
 Fighting Skills
   martial arts       [Basic]
 Weapon Skills
   quarterstaff       [Unskilled]
   spear              [Unskilled]
   crossbow           [Unskilled]
   shuriken           [Unskilled]
 Spellcasting Skills
   attack spells      [Unskilled]
   healing spells     [Basic]
   divination spells  [Unskilled]
   enchantment spells [Unskilled]
   clerical spells    [Unskilled]
   escape spells      [Unskilled]
   matter spells      [Unskilled]

Voluntary challenges:
 Character rerolling was not enabled.
 You went without food.
 You were an atheist.
 You never hit with a wielded weapon.
 You were a pacifist.
 You never genocided any monsters.
 You never polymorphed an object.
 You never changed form.
 You used no wishes.
Achievement:
 You entered the Gnomish Mines.

 The Dungeons of Doom: levels 1 to 2
    Level 1:
       Some fountains.
    Level 2:
       A fountain.
       Stairs down to The Gnomish Mines.
 The Gnomish Mines:
    Level 3: <- You were here.
       Final resting place for
          you, killed by a dwarf.


Vanquished creatures:
  a kitten

No species were genocided or became extinct.

Game over:
                       ----------
                      /          \
                     /    REST    \
                    /      IN      \
                   /     PEACE      \
                  /                  \
                  |    Enkindle23    |
                  |      10 Au       |
                  |   killed by a    |
                  |      dwarf       |
                  |                  |
                  |                  |
                  |       2026       |
                 *|     *  *  *      | *
        _________)/\\_//(\/(/\)/\//\/|_)_______

Goodbye Enkindle23 the Monk...

You died in The Gnomish Mines on dungeon level 3 with 109 points,
and 10 pieces of gold, after 108 moves.
You were level 1 with a maximum of 14 hit points when you died.

